Map: Abiogenesis LE

Players

Duskjuan

  • Race: Terran Terran
  • League: Gold
  • Spawn Location: 11:00

Infamous - Winner!

  • Race: Protoss Protoss
  • League: Silver
  • Spawn Location: 5:00

VOD

Have the link to the VOD?

Description

Time

  • Played on: March 19, 2018, 2:53 p.m.
  • Length: 9:59
Show
View Real Time Build Order
Export as new Build Order

Duskjuan Terran 

Build Orders: MMM Bio 

Get SALT Encoding   

  12  0:01  SCV  
  13  0:13  SCV  
  14  0:21  Supply Depot  
  14  0:25  SCV  
  15  0:43  SCV  
  15  0:45  Barracks  
  16  0:55  SCV  
  17  1:07  SCV  
  18  1:16  Refinery  
  18  1:19  SCV  
  19  1:31  SCV  
  20  1:34  Marine, Supply Depot  
  21  1:43  SCV  
  22  1:47  Barracks  
  22  1:50  Barracks  
  22  1:55  Orbital Command  
  22  2:00  Refinery  
  22  2:14  Marine  
  23  2:25  SCV  
  24  2:34  Marine  
  24  2:37  Marine  
  25  2:38  Marine  
  27  2:45  Factory  
  27  2:52  SCV  
  27  2:56  Supply Depot  
  28  2:58  Supply Depot  
  28  3:00  Barracks Tech Lab  
  28  3:01  Marine x2  
  30  3:06  SCV  
  31  3:22  SCV  
  31  3:23  Barracks Tech Lab  
  31  3:25  Marine  
  31  3:26  Marauder  
  35  3:27  Concussive Shells  
  35  3:33  Factory Reactor  
  35  3:34  Engineering Bay  
  35  3:36  Starport  
  35  3:38  SCV  
  36  3:45  Supply Depot  
  36  3:48  Supply Depot  
  36  3:51  Stimpack  
  36  3:52  Marine  
  37  3:58  Marauder  
  39  4:08  Marauder  
  41  4:25  Marine, Marauder  
  41  4:26  Factory Tech Lab  
  41  4:28  SCV  
  45  4:32  Missile Turret  
  45  4:37  Missile Turret  
  45  4:39  Marauder  
  45  4:44  Medivac x2  
  51  4:52  Terran Infantry Weapons Level 1  
  51  4:56  Marauder  
  51  4:57  Marine  
  54  5:00  SCV  
  54  5:04  Marauder  
  57  5:27  Barracks Tech Lab  
  57  5:28  Supply Depot  
  57  5:31  Marauder  
  57  5:32  Marauder  
  57  5:34  Medivac  
  63  5:49  Marauder  
  65  5:52  Supply Depot  
  65  5:55  Supply Depot  
  65  6:00  Combat Shields  
  65  6:04  Marine, Marauder  
  68  6:14  Marauder  
  68  6:22  Marine  
  68  6:25  Marine  
  70  6:35  Marauder  
  58  6:54  Marine, Marauder  
  50  6:56  Marine  
  48  7:14  Marine  
  48  7:15  Marine, Marauder  
  45  7:22  Medivac  
  45  7:23  Medivac  
  49  7:31  Marine  
  49  7:33  Marauder  
  49  7:35  Marine  
  53  7:40  Terran Infantry Armor Level 1  
  53  7:42  Command Center  
  49  8:10  Marine x2  
  49  8:11  Marauder  
  53  8:22  Medivac x2  
  57  8:28  Marine  
  57  8:29  Marauder  
  60  8:34  Command Center  
  60  8:51  Marine x2  
  60  8:52  Marauder  
  60  8:54  Siege Tank  
  67  9:09  Marine  
  57  9:10  Marauder  
  57  9:13  Marauder  
Show
View Real Time Build Order
Export as new Build Order

Infamous Protoss - Winner!

Build Orders:  

Get SALT Encoding   

  12  0:01  Probe  
  13  0:13  Probe  
  14  0:18  Pylon  
  14  0:25  Probe  
  15  0:37  Gateway  
  15  0:38  Probe  
  16  0:51  Probe  
  16  0:54  Assimilator  
  17  1:03  Probe  
  18  1:16  Probe  
  19  1:24  Pylon  
  19  1:40  Zealot  
  19  1:45  Cybernetics Core  
  19  1:46  Assimilator  
  20  1:48  Probe (Chrono Boost)  
  20  1:49  Pylon  
  21  1:58  Probe (Chrono Boost)  
  22  2:09  Gateway  
  22  2:12  Gateway  
  22  2:18  Probe  
  23  2:24  Warp Gate (Chrono Boost), Robotics Facility  
  23  2:35  Probe  
  24  2:58  Adept x2  
  28  3:00  Probe  
  29  3:12  Pylon  
  29  3:17  Probe  
  30  3:20  Warp Prism (Chrono Boost)  
  30  3:23  Pylon  
  32  3:33  Probe  
  33  3:38  Stalker  
  33  3:40  Stalker  
  37  3:58  Robotics Bay  
  37  4:16  Immortal  
  41  4:35  Sentry x3  
  47  4:38  Probe  
  48  4:57  Nexus  
  48  5:00  Disruptor  
  51  5:07  Pylon  
  51  5:16  Stalker x2  
  55  5:39  Pylon  
  55  5:40  Forge  
  55  5:42  Disruptor (Chrono Boost)  
  58  6:04  Probe  
  59  6:08  Gateway  
  59  6:09  Stalker  
  61  6:18  Stalker x2  
  48  6:40  Stalker  
  47  6:52  Stalker x2  
  42  7:12  Stalker  
  43  7:27  Disruptor  
  46  7:33  Zealot x2  
  50  7:58  Nexus  
  50  8:00  Sentry x2  
  50  8:02  Zealot  
  52  8:24  Sentry  
  54  8:44  Pylon  
  54  8:51  Stalker x3  
  58  9:19  Stalker x2  
  58  9:20  Stalker  
  55  9:43  Stalker x3  
Tags
 
Composition
MMM Bio
Matchup
PvT
Replay Pack
Last Remnant (2)
Spawn Locations
Cross Positions
Add a new tag
Caveats
  • Supply blocks, unpowered buildings, or Contaminate may cause inaccurate times.
  • Supply counts are checked every 10 seconds.